Get step-by-step instructions on how to execute this build order below. Start the game timer, and the build order will tick by so you can play in parallel with StarCraft on a second screen or mobile device.

Game Time

  0:00

Last Step

  N/A

Next Step

  12  0:01  Probe  

Upcoming Step

  13  0:13  Probe  

Don't want to look back and forth between 2 screens? Try out our Overwolf App, the Spawning Tool Build Advisor to get an in-game overlay with this build!

Complete Build Order

  12  0:01  Probe  
  13  0:13  Probe  
  14  0:18  Pylon  
  14  0:25  Probe  
  15  0:38  Gateway  
  15  0:39  Probe  
  16  0:44  Assimilator  
  16  0:54  Probe  
  17  1:06  Probe  
  18  1:18  Probe  
  19  1:26  Cybernetics Core  
  19  1:30  Probe, Zealot  
  22  1:40  Warp Gate  
  22  1:41  Pylon  
  22  2:02  Adept  
  24  2:11  Gateway  
  24  2:12  Gateway  
  24  2:51  Pylon  
  23  2:59  Probe  
  23  3:04  Adept  
  26  3:11  Probe  
  26  3:12  Pylon  
  27  3:40  Gateway  
  26  3:49  Zealot x3  
  32  4:12  Stalker x3  
  34  5:00  Pylon  
  34  5:01  Pylon  
  30  5:19  Stalker x3  
  34  5:46  Stalker x2  
  34  5:47  Stalker